[Event "98th Caplin Hastings Masters 2024-25"]
[Site "Hastings"]
[Date "2024.12.29"]
[Round "3.6"]
[White "Wall, Tim P"]
[Black "Samarasinghe Jude, Ranga"]
[Result "1-0"]
[ECO "C02"]
[WhiteElo "2173"]
[BlackElo "1944"]
[Annotator "RC"]
[PlyCount "91"]
[EventDate "2024.12.23"]
[EventType "swiss"]
[EventCountry "ENG"]
[SourceTitle "playchess.com"]
[Source "ChessBase"]
[SourceQuality "1"]
[TimeControl "5400+30"]

1. e4 e6 2. d4 d5 3. e5 c5 4. c3 Qb6 5. Nf3 Nc6 6. Bd3 Bd7 7. dxc5 Bxc5 8. O-O a5 9. Qe2 Nge7 10. a4 h6 11. Na3 g5 12. Nb5 Ng6 13. h3 Ke7 14. Bxg6 fxg6 15. Be3 Rhg8 16. Bxc5+ Qxc5 17. Nfd4 Raf8 18. Qe3 Nxd4 19. Nxd4 b6 20. f4 gxf4 21. Rxf4 g5 22. Rxf8 Rxf8 23. Qd3 Rf4 24. Qh7+ Ke8 25. Qxh6 Rxd4 26. Qh8+ Ke7 27. Qg7+ Kd8 28. Qxg5+ Kc7 29. cxd4 Qxd4+ 30. Kh1 Qxb2 31. Rc1+ Kb7 32. Qf4 Bxa4 33. Qf7+ Ka6 34. Qc7 Bb3 35. Rc6 Qf2 36. Rc1 Bc4 37. Qc8+ Kb5 38. Qxe6 a4 39. Rb1+ Ka5 40. Qd6 b5 41. e6 Bf1 42. Qxd5 Qf8 43. Qb7 Bxg2+ 44. Kxg2 Qg8+ 45. Kh1 Qxe6 46. Qxb5# 1-0

[Event "98th Caplin Hastings Masters 2024-25"]
[Site "Hastings"]
[Date "2024.12.29"]
[Round "3.7"]
[White "Kolka, David"]
[Black "Bazakutsa, Svyatoslav"]
[Result "1-0"]
[ECO "B22"]
[WhiteElo "2020"]
[BlackElo "2484"]
[Annotator "RC"]
[PlyCount "91"]
[EventDate "2024.12.23"]
[EventType "swiss"]
[EventCountry "ENG"]
[SourceTitle "playchess.com"]
[Source "ChessBase"]
[SourceQuality "1"]
[TimeControl "5400+30"]

1. e4 c5 2. c3 Nf6 3. e5 Nd5 4. Nf3 e6 5. d4 cxd4 6. cxd4 d6 7. Bc4 Be7 8. O-O O-O 9. Qe2 Bd7 10. Nc3 Nxc3 11. bxc3 Bc6 12. Bf4 Qc7 13. Bd3 Nd7 14. Rfe1 g6 15. Ng5 dxe5 16. dxe5 Bf6 17. Qg4 Bxg5 18. Qxg5 Rfc8 19. Re3 Qd8 20. Qh6 Qf8 21. Qh4 Bd5 22. Bh6 Qd8 23. Bg5 Qf8 24. Rh3 h5 25. c4 Bc6 26. Qf4 b5 27. cxb5 Bb7 28. Rxh5 Rc5 29. Be7 Qg7 30. Bf6 Nxf6 31. exf6 Qf8 32. Bxg6 fxg6 33. f7+ Kg7 34. Qh6+ Kf6 35. Qxf8 Rxf8 36. Rxc5 Rxf7 37. Rac1 Rf8 38. Rc7 Rb8 39. a4 a6 40. R1c5 Bd5 41. f3 axb5 42. Rxb5 Rh8 43. a5 Rh4 44. Rcc5 Ra4 45. Rxd5 exd5 46. Rxd5 1-0

[Event "98th Caplin Hastings Masters 2024-25"]
[Site "Hastings"]
[Date "2024.12.29"]
[Round "3.8"]
[White "Grutter, Tim"]
[Black "Stefansson, Vignir Vatnar"]
[Result "1/2-1/2"]
[ECO "B11"]
[WhiteElo "2379"]
[BlackElo "2537"]
[Annotator "TA"]
[PlyCount "62"]
[EventDate "2024.12.23"]
[EventType "swiss"]
[EventCountry "ENG"]
[SourceTitle "playchess.com"]
[Source "ChessBase"]
[SourceQuality "1"]
[TimeControl "5400+30"]

1. e4 c6 2. Nf3 d5 3. Nc3 dxe4 4. Nxe4 Nf6 5. Qe2 Nxe4 6. Qxe4 Be6 7. b3 Nd7 8. Bb2 Nf6 9. Qe2 Bg4 10. h3 Bxf3 11. Qxf3 g6 12. Bd3 Bg7 13. O-O O-O 14. Rfe1 a5 15. a3 Nd7 16. Bxg7 Kxg7 17. Bc4 e6 18. Bf1 Qf6 19. Qe3 Rfd8 20. Red1 Qb2 21. c4 c5 22. d4 cxd4 23. Qxd4+ Qxd4 24. Rxd4 {[%emt 0:00:03] Threatens to win with Rad1.} Nc5 25. Rxd8 Rxd8 $11 {[%emt 0:00:06][%mdl 4096] Endgame KRB-KRN} 26. b4 Nb3 27. Rb1 a4 28. c5 Kf6 29. Be2 e5 30. Rb2 Rd4 31. Bb5 Ke7 1/2-1/2

[Event "98th Caplin Hastings Masters 2024-25"]
[Site "Hastings"]
[Date "2024.12.29"]
[Round "3.9"]
[White "Waldhausen Gordon, Frederick"]
[Black "Xue, Haowen"]
[Result "0-1"]
[ECO "E17"]
[WhiteElo "2355"]
[BlackElo "2502"]
[Annotator "TA"]
[PlyCount "88"]
[EventDate "2024.12.23"]
[EventType "swiss"]
[EventCountry "ENG"]
[SourceTitle "playchess.com"]
[Source "ChessBase"]
[SourceQuality "1"]
[TimeControl "5400+30"]

1. d4 Nf6 2. Nf3 b6 3. g3 Bb7 4. Bg2 e6 5. c4 Be7 6. O-O O-O 7. Re1 Na6 8. b3 c5 9. Bb2 cxd4 10. Bxd4 Nc5 11. Nc3 Rc8 12. Rc1 h6 13. Qc2 d6 14. Red1 a6 15. Qb2 Qc7 16. Ne1 Bxg2 17. Nxg2 Qb7 18. a4 Rfd8 19. Nf4 Ncd7 20. Ng2 Ne5 21. Bxe5 dxe5 22. Qc2 g6 23. Rxd8+ Rxd8 24. Rd1 Rc8 25. Ne3 Bc5 26. Qd2 Kg7 27. h3 h5 {[%emt 0:01:59] Prevents Ng4} 28. Ng2 {[%emt 0:03:02] [#]} (28. Qc1 $15) 28... b5 $1 $17 {[%emt 0:03:19][%mdl 512] Black is more active.} 29. axb5 axb5 30. e3 bxc4 31. bxc4 Qb3 32. Nb5 (32. Qd3 $17) 32... Bb4 33. Qd3 Qxd3 34. Rxd3 Rxc4 35. Rd1 {[%emt 0:02:35] Prevents Rc1.} Ne4 36. Ne1 Rc5 37. Nd3 Rd5 {[%emt 0:02:37] And now ...Bd2 would win.} ({Much less strong is} 37... Rxb5 38. Rb1 $19) 38. Nc7 Rd7 39. Nb5 Be7 40. f3 Nxg3 41. Nc3 Rc7 42. Ne4 Nxe4 43. fxe4 Rc4 44. Nf2 Bh4 0-1

[Event "98th Caplin Hastings Masters 2024-25"]
[Site "Hastings"]
[Date "2024.12.29"]
[Round "3.10"]
[White "Siva Mahadevan"]
[Black "Gasanov, Eldar"]
[Result "1-0"]
[ECO "B61"]
[WhiteElo "2349"]
[BlackElo "2476"]
[Annotator "TA"]
[PlyCount "79"]
[EventDate "2024.12.23"]
[EventType "swiss"]
[EventCountry "ENG"]
[SourceTitle "playchess.com"]
[Source "ChessBase"]
[SourceQuality "1"]
[TimeControl "5400+30"]

1. e4 c5 2. Nf3 Nc6 3. d4 cxd4 4. Nxd4 Nf6 5. Nc3 d6 6. Bg5 Bd7 7. Qd2 Rc8 8. O-O-O Nxd4 9. Qxd4 Qa5 10. Bd2 a6 11. f3 Qc5 (11... g6 $11) 12. Qd3 (12. Qxc5 $14 Rxc5 13. g4) 12... b5 13. Be3 Qc7 {[%emt 0:00:51] White is slightly better.} 14. g4 b4 15. Nd5 (15. Ne2 $5) 15... Nxd5 16. exd5 h5 17. Rd2 (17. Qxa6 $2 Qxc2#) 17... a5 18. Qe4 hxg4 19. fxg4 {[%emt 0:00:59] White now steadily converts the win.} g6 20. Bg5 (20. Ba6 b3 21. a3 (21. axb3 Ra8 $11) 21... Rb8 $14) ({White should play} 20. Rf2 $1 $16) 20... a4 (20... Qb7 $14) 21. Bd3 {[%emt 0:36:31] White is more active.} (21. Qxb4 Bg7 22. c3 Rb8 $15) ({White should try} 21. Ba6 $16 {[%cal Oh1e1] And now Re1! would win.} Ra8 22. Re1) 21... b3 (21... Qc5 $14) 22. a3 $1 $16 Rh3 (22... f5 $16 23. Qe2 Rh3) 23. c3 $18 {[%emt 0:06:48] aiming for Re1.} Kd8 {[%emt 0:05:41] [#]} 24. Rf1 Be8 25. Re2 Qb7 {[%emt 0:03:56] [#]} 26. Ba6 $1 Qxa6 27. Bxe7+ Kc7 28. Bxf8 {[%emt 0:00:04] Rf6 would now be deadly.} Kb7 {[%emt 0:02:08] Black is weak on the dark squares} (28... f5 $142 29. gxf5 Bb5 30. fxg6 (30. Qe7+ $2 Kb8 $19) 30... Bxe2) 29. Rf6 Qa5 $2 {[%emt 0:01:45] [#]} (29... Bb5 30. Rxf7+ (30. Bxd6 Bxe2 31. Qe7+ Ka8 $11) 30... Ka8) 30. Qd4 $1 (30. Rxd6 $2 {is the wrong capture.} Rhxc3+ 31. Kd2 R3c4+ 32. Kd3 Rxe4 $19) 30... Ka8 31. Bxd6 Qb5 32. Re7 Bd7 33. Rfxf7 Rd3 {[%emt 0:00:48] [#]} 34. Rxd7 $1 Qxd7 35. Qxd3 (35. Rxd7 Rxd4 36. Bg3 Rd3 $19) 35... Qxd6 {[%emt 0:00:06] KQR-KQR} 36. Qb5 Rxc3+ 37. Kb1 Rc7 38. Qxa4+ {[%emt 0:00:05] White is clearly winning.} Kb8 39. Qxb3+ Kc8 40. Rxc7+ {[%emt 0:00:08] Weighted Error Value: White=0.12 (very precise) /Black=0.44.  Mistake:       	White=3     	Black=5      Inaccurate:     	---       	Black=2      OK:         	White=5     	Black=7      Best:        	White=3     	Black=1      Strong:       	White=2     	---} 1-0

[Event "98th Caplin Hastings Masters 2024-25"]
[Site "Hastings"]
[Date "2024.12.29"]
[Round "3.11"]
[White "Boswell, Jacob Connor"]
[Black "Kovchan, Alexander"]
[Result "0-1"]
[ECO "D73"]
[WhiteElo "2277"]
[BlackElo "2455"]
[Annotator "TA"]
[PlyCount "64"]
[EventDate "2024.12.23"]
[EventType "swiss"]
[EventCountry "ENG"]
[SourceTitle "playchess.com"]
[Source "ChessBase"]
[SourceQuality "1"]
[TimeControl "5400+30"]

1. d4 Nf6 2. c4 g6 3. Nf3 Bg7 4. g3 c6 5. Bg2 d5 6. O-O dxc4 7. a4 Ne4 8. Nc3 {[%emt 0:00:00][%mdl 1024] White has compensation.} Nd6 {[%emt 0:11:36] The position is equal.} 9. e4 Bg4 10. Be3 Na6 11. h3 Bxf3 12. Bxf3 (12. Qxf3 $142 O-O 13. Qe2) 12... O-O $11 13. Qe2 Nb4 14. Rfd1 a5 ({Black should play} 14... e5 $1 $15) 15. h4 h5 16. Bg2 Qc7 17. f4 Rad8 18. f5 Nd3 {[%emt 0:01:54] And now ...Qb6 would win.} 19. g4 ({White should try} 19. b3 $15) 19... hxg4 (19... Qb6 $142 $1 20. e5 (20. gxh5 $2 Bxd4 21. Bxd4 Qxd4+ 22. Kf1 gxf5 $19) 20... gxf5 21. gxh5 (21. exd6 exd6 22. d5 Qxb2 $17) 21... f4 (21... Qxb2 22. Qxb2 Nxb2 23. Rf1 $14)) 20. Qxg4 $17 Qd7 (20... Nxb2 $6 21. Rf1 $15) (20... Qb6 $1 $17 21. Ne2 (21. fxg6 $2 e5 $19) 21... Qb3 (21... Nxb2 22. Rf1 $15) (21... Qxb2 22. fxg6 fxg6 23. h5 $15)) 21. Bh3 {[%emt 0:00:00] [#]} (21. Rf1 $11 {was the only way to keep the balance.}) 21... Ne8 {[%emt 0:02:10] Black is more active. A dynamic duo of knights.} (21... Nxb2 22. Rd2 Nd3 (22... gxf5 23. Qh5 $18) 23. Qf3 Bxd4 24. Bxd4 Nxe4 25. Qxe4) (21... e5 $1 $17 22. dxe5 Nxe5 (22... Bxe5 23. h5 $17)) 22. e5 Qxf5 23. Qg3 {[%emt 0:00:00] Loses the game.} (23. Qxf5 $17 gxf5 24. Bxf5) 23... Qh5 $19 {[%emt 0:00:39] Hoping for ...c5.} 24. Bg4 Qh8 {[%emt 0:00:03] aiming for ...c5.} 25. h5 {[%emt 0:00:33] [#]} Bh6 $1 {[%emt 0:07:08][%cal Bg7h6,Bh6d2,Bd2f4][%mdl 32] Strongly threatening ...Ng7.} ({Inferior is} 25... Nxb2 26. Rd2 (26. Rf1 gxh5 27. Bf5 Nd3 $11) 26... Bxe5 (26... f5 $2 27. exf6 Rxf6 28. Ne4 $18) 27. Qxe5 (27. dxe5 Rxd2 28. Bxd2 Nd3 $16) 27... Qxe5 28. dxe5 $14) 26. Rd2 {[%emt 0:02:24] [#]} (26. b3 {is a better defense.}) 26... Nxe5 $1 27. dxe5 Rxd2 28. Bxd2 Bxd2 29. hxg6 fxg6 30. Kg2 Bf4 31. Be6+ Kg7 32. Qg4 (32. Qh3 $19) 32... Qh2+ {[%emt 0:00:14] Weighted Error Value: White=0.65/Black=0.22 (precise) .  Loses game:     	White=1     	---        Mistake:       	White=5     	Black=4      Inaccurate:     	White=4     	Black=2      OK:         	White=6     	Black=8      Best:        	---       	Black=4      Strong:       	---       	Black=1} 0-1

[Event "98th Caplin Hastings Masters 2024-25"]
[Site "Hastings"]
[Date "2024.12.29"]
[Round "3.12"]
[White "Adams, Henry"]
[Black "Briem, Benedikt"]
[Result "1/2-1/2"]
[ECO "D02"]
[WhiteElo "1991"]
[BlackElo "2132"]
[Annotator "RC"]
[PlyCount "106"]
[EventDate "2024.12.23"]
[EventType "swiss"]
[EventCountry "ENG"]
[SourceTitle "playchess.com"]
[Source "ChessBase"]
[SourceQuality "1"]
[TimeControl "5400+30"]

1. d4 d5 2. Nf3 Nf6 3. g3 e6 4. Bg2 Bd6 5. O-O O-O 6. c4 h6 7. Nc3 Nc6 8. c5 Be7 9. Rb1 a5 10. a3 b6 11. b4 axb4 12. axb4 bxc5 13. bxc5 Ba6 14. Re1 Ne4 15. Qc2 Nxc3 16. Qxc3 Rb8 17. Ra1 Bb5 18. h4 Bf6 19. h5 Re8 20. Bf4 e5 21. dxe5 d4 22. Qc2 Nxe5 23. Rad1 Nxf3+ 24. Bxf3 Be5 25. Qf5 Bd7 26. Qe4 Bf6 27. Qd5 c6 28. Qd6 Rc8 29. Rxd4 Bxd4 30. Qxd4 Be6 31. Bd6 Qd7 32. Rb1 Ra8 33. Rb6 Rec8 34. Kg2 Ra2 35. e3 Bh3+ 36. Kg1 Bf5 37. Qc4 Ra1+ 38. Kg2 Bh3+ 39. Kh2 Be6 40. Qd4 Rc1 41. Qb2 Rc4 42. Rb7 Qd8 43. Re7 Qa5 44. Qe5 Rc2 45. Rxe6 Rxf2+ 46. Kh3 Qd8 47. Bg4 fxe6 48. Qxe6+ Kh7 49. Qxc8 Qf6 50. e4 Rh2+ 51. Kxh2 Qf2+ 52. Kh3 Qf1+ 53. Kh4 Qf6+ 1/2-1/2

[Event "98th Caplin Hastings Masters 2024-25"]
[Site "Hastings"]
[Date "2024.12.29"]
[Round "3.13"]
[White "Cheng, Louis"]
[Black "Zhu, Yaoyao"]
[Result "1-0"]
[ECO "C54"]
[WhiteElo "2087"]
[BlackElo "1990"]
[Annotator "NA RC"]
[PlyCount "47"]
[EventDate "2024.12.23"]
[EventType "swiss"]
[EventCountry "ENG"]
[SourceTitle "playchess.com"]
[Source "ChessBase"]
[SourceQuality "1"]
[TimeControl "5400+30"]

1. e4 e5 2. Nf3 Nc6 3. Bc4 Nf6 4. d3 Bc5 5. c3 d6 6. O-O a5 7. Re1 Ba7 8. Be3 Bxe3 9. Rxe3 O-O 10. Nbd2 Ne7 11. d4 exd4 12. cxd4 d5 13. Bd3 dxe4 14. Nxe4 Ned5 15. Nxf6+ Nxf6 16. Ne5 Be6 17. Rg3 Kh8 18. Bc2 Ra6 19. Qd2 Rd6 20. Rd1 c5 21. Qg5 Rg8 22. Rh3 Rxd4 23. Rxd4 Qxd4 24. Qg6 1-0

[Event "98th Caplin Hastings Masters 2024-25"]
[Site "Hastings"]
[Date "2024.12.29"]
[Round "3.14"]
[White "Gu In-Jung"]
[Black "Badacsonyi, Frankie"]
[Result "0-1"]
[ECO "B31"]
[WhiteElo "1987"]
[BlackElo "2218"]
[Annotator "RC"]
[PlyCount "110"]
[EventDate "2024.12.23"]
[EventType "swiss"]
[EventCountry "ENG"]
[SourceTitle "playchess.com"]
[Source "ChessBase"]
[SourceQuality "1"]
[TimeControl "5400+30"]

1. e4 c5 2. Nf3 Nc6 3. Bb5 g6 4. O-O Bg7 5. c3 e5 6. Na3 Nge7 7. Re1 O-O 8. Nc2 Qb6 9. Bc4 d6 10. d3 h6 11. Rb1 Qc7 12. b4 b6 13. Ne3 Kh8 14. Nd5 Nxd5 15. Bxd5 Rb8 16. d4 exd4 17. Bxc6 Qxc6 18. cxd4 cxb4 19. Rxb4 Re8 20. d5 Qc5 21. Qb3 Qc7 22. Bb2 Bb7 23. Bxg7+ Kxg7 24. Qb2+ Kh7 25. Rc1 Qe7 26. Ra4 Ra8 27. Rac4 Rac8 28. h3 Rc5 29. Rxc5 bxc5 30. Qb5 Ba8 31. Rc4 Rc8 32. Ra4 f5 33. exf5 gxf5 34. Qd3 Rf8 35. Nh4 Qf7 36. Ra6 Qxd5 37. Qg3 Rg8 38. Rxa7+ Bb7 39. Qb3 Rxg2+ 40. Kf1 Rg1+ 41. Ke2 Qxb3 42. axb3 Rg7 43. Ke3 Be4 44. Ra6 d5 45. Kf4 Rc7 46. f3 Bc2 47. Ke5 c4 48. bxc4 dxc4 49. Nxf5 Rc5+ 50. Kd4 Rxf5 51. Kxc4 Rxf3 52. Kd4 Rxh3 53. Ke5 Rf3 54. Rc6 Bg6 55. Ke6 h5 0-1

[Event "98th Caplin Hastings Masters 2024-25"]
[Site "Hastings"]
[Date "2024.12.29"]
[Round "3.15"]
[White "Mikalajunas, Kajus"]
[Black "Abrahams, Daniel"]
[Result "0-1"]
[ECO "E08"]
[WhiteElo "1941"]
[BlackElo "2072"]
[Annotator "RC"]
[PlyCount "120"]
[EventDate "2024.12.23"]
[EventType "swiss"]
[EventCountry "ENG"]
[SourceTitle "playchess.com"]
[Source "ChessBase"]
[SourceQuality "1"]
[TimeControl "5400+30"]

1. Nf3 e6 2. g3 Nf6 3. Bg2 d5 4. d4 Be7 5. O-O O-O 6. c4 c6 7. Qc2 b6 8. Rd1 Nbd7 9. b3 Bb7 10. Nc3 Qc8 11. e4 dxe4 12. Ng5 h6 13. Ngxe4 Rd8 14. Bb2 Qc7 15. Rac1 Rac8 16. Qe2 Re8 17. d5 exd5 18. cxd5 Qb8 19. d6 Bf8 20. Qf3 Rcd8 21. h4 Nxe4 22. Nxe4 c5 23. Qf5 Re6 24. Re1 Rde8 25. Re3 g6 26. Qf4 Bxe4 27. Bxe4 Qxd6 28. Qf3 Nf6 29. Rd1 Qe7 30. Bc6 Rc8 31. Rxe6 Qxe6 32. Bb7 Nh5 33. Bxc8 Qxc8 34. Rd5 Bg7 35. g4 Bxb2 36. gxh5 Qe6 37. hxg6 fxg6 38. Qd3 Bd4 39. Qf3 Kh7 40. h5 gxh5 41. Qf5+ Qxf5 42. Rxf5 Kg6 43. Rd5 h4 44. Rd7 b5 45. a4 bxa4 46. bxa4 a5 47. Ra7 Bc3 48. Kg2 Kf5 49. Kh3 Kg5 50. Ra8 Bd2 51. Rc8 Bb4 52. Rc6 Kf4 53. Rxh6 Ke4 54. Kg2 c4 55. Kf1 Kd3 56. Rh7 c3 57. Rd7+ Kc2 58. Ke2 Kb2 59. Kd3 c2 60. Rc7 c1=Q 0-1

[Event "98th Caplin Hastings Masters 2024-25"]
[Site "Hastings"]
[Date "2024.12.29"]
[Round "3.16"]
[White "Saunders, Aron"]
[Black "Hu, Junyan"]
[Result "1-0"]
[ECO "B40"]
[WhiteElo "2106"]
[BlackElo "1933"]
[Annotator "RC"]
[PlyCount "115"]
[EventDate "2024.12.23"]
[EventType "swiss"]
[EventCountry "ENG"]
[SourceTitle "playchess.com"]
[Source "ChessBase"]
[SourceQuality "1"]
[TimeControl "5400+30"]

1. e4 c5 2. Nf3 e6 3. b3 Nc6 4. Bb2 a6 5. c4 Qc7 6. g3 Nf6 7. Qe2 Be7 8. Bg2 O-O 9. O-O b6 10. e5 Ng4 11. h3 Nh6 12. d4 cxd4 13. Nxd4 Bb7 14. Nd2 Nxd4 15. Bxd4 Nf5 16. Bb2 Bc5 17. Qd3 Bxg2 18. Kxg2 Rfd8 19. Ne4 Bf8 20. Rad1 Qc6 21. Qf3 Rac8 22. Rd3 Rc7 23. Rfd1 Qb7 24. Bc1 b5 25. Bg5 Rdc8 26. cxb5 Qxb5 27. g4 Nh6 28. Bxh6 gxh6 29. Nf6+ Kg7 30. Rxd7 Qc6 31. Rxc7 Rxc7 32. Rd4 Qxf3+ 33. Kxf3 Rc3+ 34. Ke2 Rc2+ 35. Rd2 Rc3 36. f3 Be7 37. Ne4 Rc6 38. Kd3 Rc7 39. Ke3 Kg6 40. f4 Rc1 41. Rd7 Re1+ 42. Kf3 Bh4 43. Nd6 Rf1+ 44. Ke4 Re1+ 45. Kd3 Rh1 46. Ke4 Re1+ 47. Kf3 Rf1+ 48. Ke3 Rh1 49. Nxf7 Rxh3+ 50. Ke4 h5 51. f5+ exf5+ 52. gxf5+ Kg7 53. Ng5+ Kh8 54. Nxh3 Bg5 55. Nxg5 h6 56. Nh7 h4 57. Nf6 h3 58. Rh7# 1-0

[Event "98th Caplin Hastings Masters 2024-25"]
[Site "Hastings"]
[Date "2024.12.29"]
[Round "3.17"]
[White "Pick, Freddie"]
[Black "Marusenko, Petr"]
[Result "1-0"]
[ECO "B11"]
[WhiteElo "1874"]
[BlackElo "2021"]
[Annotator "RC"]
[PlyCount "85"]
[EventDate "2024.12.23"]
[EventType "swiss"]
[EventCountry "ENG"]
[SourceTitle "playchess.com"]
[Source "ChessBase"]
[SourceQuality "1"]
[TimeControl "5400+30"]

1. e4 c6 2. Nc3 d5 3. Nf3 Bg4 4. h3 Bh5 5. exd5 cxd5 6. g4 Bg6 7. Ne5 Nc6 8. d4 e6 9. h4 f6 10. Nxc6 bxc6 11. h5 Bf7 12. Bf4 Bd6 13. Bxd6 Qxd6 14. Qd2 Ne7 15. O-O-O O-O 16. h6 g5 17. Bd3 Ng6 18. Ne2 c5 19. dxc5 Qxc5 20. f4 gxf4 21. Nxf4 Ne5 22. Rh3 Rab8 23. g5 Qb4 24. c3 Qa4 25. Kb1 Nxd3 26. Nxd3 Qg4 27. Rhh1 Bg6 28. gxf6 Rxf6 29. Ka1 Qg3 30. Rhg1 Qd6 31. Rde1 Qb6 32. Ne5 Rf2 33. Nxg6 hxg6 34. Re2 Rbf8 35. Rxg6+ Kh8 36. a3 R2f6 37. Rxf6 Rxf6 38. Qg5 Rf1+ 39. Ka2 Qc7 40. Qg7+ Qxg7 41. hxg7+ Kxg7 42. Rxe6 Rf7 43. Rd6 1-0

[Event "98th Caplin Hastings Masters 2024-25"]
[Site "Hastings"]
[Date "2024.12.29"]
[Round "3.18"]
[White "Zhang, Pengxiang"]
[Black "Chandler, Cliff R"]
[Result "1-0"]
[ECO "B01"]
[WhiteElo "2567"]
[BlackElo "2161"]
[Annotator "TA"]
[PlyCount "57"]
[EventDate "2024.12.23"]
[EventType "swiss"]
[EventCountry "ENG"]
[SourceTitle "playchess.com"]
[Source "ChessBase"]
[SourceQuality "1"]
[TimeControl "5400+30"]

1. e4 d5 2. exd5 Nf6 3. d4 Bg4 4. f3 Bf5 5. g4 Bg6 6. c4 e6 7. Nc3 c5 8. Be3 Nbd7 9. h4 cxd4 10. Bxd4 e5 {[%emt 0:00:36] [#]} (10... h6 $16) 11. Be3 $1 $18 h6 12. Bd3 (12. d6 $18 {has better winning chances.}) 12... Bxd3 (12... e4 $16 13. h5 (13. Nxe4 Bxe4 14. fxe4 Bb4+ 15. Kf1 Qe7 $14) (13. fxe4 Bb4 $11) 13... Bh7 14. fxe4 (14. Nxe4 Bxe4 15. fxe4 Bb4+ 16. Bd2 Bxd2+ 17. Qxd2 Ne5 $16) (14. Bxe4 Nxe4 15. Nxe4 Bb4+ 16. Bd2 Bxd2+ 17. Qxd2 O-O $11) 14... Bb4) 13. Qxd3 Bc5 (13... Rc8 $142) 14. Bxc5 Nxc5 15. Qe3 Qb6 16. Qxe5+ Kf8 (16... Qe6 $142 17. Qxe6+ (17. dxe6 Nd3+ 18. Kf1 Nxe5 $16) 17... fxe6) 17. O-O-O Re8 18. Qf4 Nfd7 19. Nh3 Ne5 20. Nf2 {[%emt 0:00:58] Prevents Ned3+.} Qb4 21. Rd4 f6 22. Rhd1 Kf7 23. h5 {[%emt 0:06:53] Wards off Ng6} Rc8 24. Kb1 {[%emt 0:01:25] And now Qf5 would win.} Ncd7 $2 (24... Rhe8 25. Rc1 Kf8) 25. Qf5 Rhe8 {[%emt 0:01:24] [#]} 26. c5 $1 {[%emt 0:05:33] Dodges Nb6} Qxc5 27. f4 Nc4 28. Qxd7+ Re7 29. Qb5 1-0

[Event "98th Caplin Hastings Masters 2024-25"]
[Site "Hastings"]
[Date "2024.12.29"]
[Round "3.19"]
[White "Brewer, Callum D"]
[Black "Royal, Shreyas"]
[Result "1/2-1/2"]
[ECO "B51"]
[WhiteElo "2151"]
[BlackElo "2522"]
[Annotator "TA"]
[PlyCount "88"]
[EventDate "2024.12.23"]
[EventType "swiss"]
[EventCountry "ENG"]
[SourceTitle "playchess.com"]
[Source "ChessBase"]
[SourceQuality "1"]
[TimeControl "5400+30"]

1. e4 c5 2. Nf3 d6 3. Bb5+ Nd7 4. d4 cxd4 5. Qxd4 a6 6. Be2 Ngf6 7. O-O e6 8. c4 Be7 9. Nc3 O-O 10. h3 Qc7 11. Be3 Ne5 12. Nxe5 dxe5 13. Qb6 Qb8 14. Rfd1 Bd7 15. Bc5 Bxc5 16. Qxc5 Bc6 17. f3 Rc8 {[%emt 0:13:38][%cal Oc6a4,Bf8c8,Bc8d8,Bd8d4][%mdl 32] Hoping for ...Ba4!.} 18. Qf2 Qc7 19. Kh2 Rd8 20. Bf1 Rd4 21. Qc2 Be8 22. b3 Rad8 23. Ne2 R4d6 24. Nc3 {[%emt 0:01:19] [#]} b5 25. Rxd6 $14 Rxd6 26. Rd1 Rd4 (26... b4 $11 27. Ne2 Nd7) 27. Bd3 (27. cxb5 $14 axb5 28. Rc1) 27... bxc4 (27... b4 $142 28. Ne2 Rd6) 28. Bxc4 $11 Bb5 29. Ne2 (29. Bxb5 $16 axb5 30. Rc1) 29... Rxd1 30. Qxd1 Bxc4 31. bxc4 {[%emt 0:00:12][%mdl 4096] Endgame KQN-KQN} Nd7 32. Qa4 Qd6 33. Nc1 f5 34. Nb3 fxe4 (34... h6 $11) 35. fxe4 $14 {[%emt 0:00:07][%cal Oc4c5] And now c5! would win.} Nf6 36. c5 Qd3 37. c6 ({Better is} 37. Qc6 $14 Qxe4 38. Qxe6+ (38. Qxa6 Kf7 $11) 38... Kf8 39. c6 (39. Qxa6 Qf4+ 40. Kh1 Ne4 $11) 39... Qf4+ 40. Kg1) 37... Nxe4 $11 38. c7 Qg3+ 39. Kg1 Qf2+ 40. Kh2 Qf4+ 41. Kg1 {[%emt 0:00:22] Qe8+ would kill now.} Qe3+ 42. Kh2 Qg3+ 43. Kg1 Qe1+ 44. Kh2 Qg3+ 1/2-1/2

[Event "98th Caplin Hastings Masters 2024-25"]
[Site "Hastings"]
[Date "2024.12.29"]
[Round "3.20"]
[White "Zhang, Junyi"]
[Black "Balaji, Aaravamudhan"]
[Result "0-1"]
[ECO "C58"]
[WhiteElo "2070"]
[BlackElo "2364"]
[Annotator "TA"]
[PlyCount "76"]
[EventDate "2024.12.23"]
[EventType "swiss"]
[EventCountry "ENG"]
[SourceTitle "playchess.com"]
[Source "ChessBase"]
[SourceQuality "1"]
[TimeControl "5400+30"]

1. e4 e5 2. Nf3 Nc6 3. Bc4 Nf6 4. Ng5 d5 5. exd5 Na5 6. Bb5+ c6 7. dxc6 bxc6 8. Bd3 Nd5 9. Nf3 (9. Nxh7 $2 Nf4 10. Be4 Rxh7 $19) 9... Bd6 10. O-O Nf4 11. Re1 Nxd3 12. cxd3 O-O 13. Nc3 Re8 14. b3 c5 15. Bb2 Nc6 16. Ne4 Bf8 17. a3 (17. Rc1 $11) 17... Qd5 $15 18. Rc1 Bg4 (18... Qxd3 $6 19. Nxc5 Qd5 20. b4 $14) 19. Ng3 (19. h3 $11 {keeps the balance.} Bh5 20. g4) 19... Rab8 {[%emt 0:05:50][%cal Of7f6] Black is more active.} 20. Rc4 Bxf3 21. gxf3 Re6 22. Kh1 (22. Bc3 $17) 22... Qxd3 23. Re3 Qd5 24. Kg1 g6 $36 {[%emt 0:08:57][%mdl 2048] Black is in control.} 25. Qc2 Nd4 26. Bxd4 cxd4 ({Don't do} 26... exd4 27. Rxe6 Qxe6 28. Kg2 $17) 27. Rd3 (27. Re4 $142) 27... Bxa3 $19 28. Qa2 {[%emt 0:07:44] White is weak on the dark squares} Ra6 29. Qc2 {[%emt 0:07:24] Rc8+ would now be deadly.} Kg7 30. Ne4 Rbb6 31. Qd1 Rc6 32. Qc2 Be7 33. h3 h5 34. Kg2 h4 {[%emt 0:00:08] Wards off Ng3} 35. Rxc6 Rxc6 36. Qa2 Qb5 37. Qa4 Qxa4 (37... Qxd3 38. Qxc6 Qxb3 39. Qc7 $11) 38. bxa4 f5 0-1